 Dungeon Crawl Stone Soup version 0.29.1-15-g9cfb28693d (webtiles) character file.

Game seed: 17323516171604756741

17 protoss039 the Digger (level 2, -2/21 HPs)
             Began as a Demonspawn Earth Elementalist on Mar 13, 2023.
             Constricted to death by Natasha (3 damage)
             ... on level 2 of the Dungeon.
             The game lasted 00:00:47 (1345 turns).

protoss039 the Digger (DsEE)                        Turns: 1345, Time: 00:00:48

Health: -2/21      AC:  2    Str:  8    XL:     2   Next: 44%
Magic:  3/5        EV:  9    Int: 16    God:
Gold:   81         SH:  0    Dex: 13    Spells: 4/5 levels left

rFire   . . .      SeeInvis .   k - +0 spear
rCold   . . .      Faith    .   (no shield)
rNeg    . . .      Spirit   .   a - +0 robe
rPois   .          Reflect  .   (no helmet)
rElec   .          Harm     .   (no cloak)
rCorr   .          Rampage  .   (no gloves)
Will    .....                   (no boots)
Stlth   ++........              c - amulet of the acrobat
HPRegen 0.07/turn               (no ring)
MPRegen 0.09/turn               (no ring)

@: grasped by roots, constricted
A: weakness stinger 1
a: no special abilities


You were on level 2 of the Dungeon.
You visited 1 branch of the dungeon, and saw 2 of its levels.

You collected 81 gold pieces.

Inventory:

Hand Weapons
 k - a +0 spear (weapon)
Armour
 a - a +0 robe (worn)
Jewellery
 c - an amulet of the acrobat (around neck)
 m - an amulet of magic regeneration
Scrolls
 e - a scroll of enchant weapon {unknown}
 f - a scroll of immolation {unknown}
 h - 3 scrolls of identify {unknown}
 i - a scroll of poison {unknown}
 j - a scroll of fog {unknown}
 l - 2 scrolls of teleportation {unknown}
Potions
 b - a potion of magic
 d - a potion of heal wounds {unknown}
 g - a potion of flight {unknown}


   Skills:
 + Level 1.1 Fighting
 - Level 1.7 Dodging
 - Level 1.7 Stealth
 + Level 2.3 Spellcasting
 - Level 0.8 Transmutations
 + Level 3.0 Earth Magic


You had 4 spell levels left.
You knew the following spells:

 Your Spells              Type           Power      Damage    Failure   Level
a - Sandblast             Erth           22%        2d7       6%          1

Your spell library contained the following spells:

 Spells                   Type           Power      Damage    Failure   Level
 Beastly Appendage        Tmut           8%         N/A       14%         1
 Passwall                 Tmut/Erth      6%         N/A       14%         2
 Wereblood                Tmut           4%         N/A       22%         2
 Stone Arrow              Conj/Erth      12%        3d7       32%         3
 Spider Form              Tmut/Pois      3%         N/A       45%         3
 Petrify                  Tmut/Erth      8%         N/A       65%         4


Dungeon Overview and Level Annotations

Branches:
Dungeon (2/15) Zot: 10646

Altars:

Shops:
D:2 [

Annotations:
D:2 Natasha


Innate Abilities, Weirdness & Mutations

You have a small tail.


Message History

Natasha, Servant of Life and Death comes into view.
She is carrying a wand of roots (11).
Natasha hisses angrily.
Natasha hisses.
You reach to attack!
You barely miss Natasha. Natasha barely misses you.
Natasha is nearby!
Natasha is nearby!
You barely miss Natasha.
Your tail-slap misses Natasha.
Natasha mumbles some strange words.
Natasha's front paws start to glow.
Natasha barely misses you.
Natasha is nearby!
You hit Natasha.
Natasha is lightly wounded.
Natasha barely misses you.
Natasha is nearby!
You closely miss Natasha. You tail-slap Natasha.
Natasha is moderately wounded.
Natasha zaps a wand.
The roots erupt in riotous growth!
The grasping roots grab you!
Natasha is unaffected.
The grasping roots constrict you.
Casting: Sandblast (safe; 6% risk of failure)
Confirm with . or Enter, or press ? or * to list all spells.
Aiming: Sandblast (safe; 6% risk of failure)
Press: ? - help, Shift-Dir - straight line, f/p - Natasha
Aim: Natasha, carrying a wand of roots (10) (moderately wounded, 77% to hit)
The blast of sand hits Natasha.
Natasha is heavily wounded.
Natasha claws you. The grasping roots constrict you!
* * * LOW HITPOINT WARNING * * *
Casting: Sandblast (safe; 6% risk of failure)
Confirm with . or Enter, or press ? or * to list all spells.
Aiming: Sandblast (safe; 6% risk of failure)
Press: ? - help, Shift-Dir - straight line, f/p - Natasha
Aim: Natasha, carrying a wand of roots (10) (heavily wounded, 77% to hit)
The blast of sand hits Natasha.
Natasha is heavily wounded.
Natasha closely misses you. The grasping roots constrict you.
* * * LOW HITPOINT WARNING * * *
Natasha closely misses you. The grasping roots constrict you.
You die...

#...# #..#..##..
######...# #......#..
##......######..(PP....
##......'......♣.P....
##......####...♣P...###
.......................
########.###........#
#....#..#...#...
#..#.#..#.@.#
#..#.#..###h# #..# #..#
.# .. .... #..# .# ...
.... .... .. .## ##..#
...# .# ... .. ..# ##
..#


You could see Natasha.

Vanquished Creatures
  A worm (D:2)
  A dart slug (D:1)
  A bat (D:2)
  3 endoplasms
  A goblin (D:1)
  2 hobgoblins (D:2)
  A kobold (D:2)
  A rat (D:1)
11 creatures vanquished.

Notes
Turn   | Place    | Note
-------+----------+-------------------------------------------
     0 | D:1      | protoss039 the Demonspawn Earth Elementalist began the
                  | quest for the Orb.
     0 | D:1      | Reached XP level 1. HP: 13/13 MP: 3/3
  1014 | D:2      | Gained mutation: You have a small tail. [demonic ancestry]
  1014 | D:2      | Reached XP level 2. HP: 20/20 MP: 5/5
  1051 | D:2      | Reached skill level 1 in Fighting
  1232 | D:2      | Reached skill level 3 in Earth Magic
  1277 | D:2      | Found Emen's Armour Emporium.
  1339 | D:2      | Noticed Natasha
  1345 | D:2      | HP: 1/21 [constriction (2)]
  1345 | D:2      | Constricted to death by Natasha

Illustrated notes

Levels and vault maps discovered:
D:1:      psy_arrival_radial02, layout_basic, serial_glass, glass_columns_a,
          glass_columns_b, glass_columns_c, glass_columns_c
D:2:      minmay_recursive_quarters, layout_basic, basic_altar, serial_shops,
          nicolae_shop_stone, serial_park_tiny_2, uniq_natasha

Skill      XL: |  1  2 |
---------------+-------+-----
Fighting       | 1 |  1.1
Earth Magic    | 3 |  3.0
Dodging        | |  1.7
Stealth        | |  1.7
Spellcasting   | |  2.3
Transmutations | |  0.8

Action                   || total
-------------------------++-------
Melee: Dagger            ||     7
       Spear             ||    19
       Tailslap          ||     4
 Cast: Sandblast         ||    13
 Stab: Distracted        ||     1
Armor: Robe              ||     3
Dodge: Dodged            ||    16
